[ AOE2 MATCH · #477940462 ]
UnrankedMalay vs Gurjaras
[ REPLAY ANALYSIS · EXTRACTED FROM THE RECORDED GAME ]
Feudal
9:14
Castle
21:45
Imperial
31:30
| APM avg | 67.5 |
| APM peak | 110 |
| eAPM avg | 23.9 |
| Villagers / military | 203 / 281 |
Focus
⚔️ 35.7% · 🌾 64.3%
Archer ×244 · Skirmisher ×30 · Trebuchet (Packed) ×5 · Mangonel ×2
Feudal
9:28
Castle
24:54
Imperial
47:23
| APM avg | 46.6 |
| APM peak | 80 |
| eAPM avg | 22.5 |
| Villagers / military | 159 / 246 |
Focus
⚔️ 34.4% · 🌾 65.6%
Chakram Thrower ×109 · Archer ×70 · Camel Scout ×53 · Spearman ×9 · Trebuchet (Packed) ×4 · Monk ×1
Feudal
9:00
Castle
22:46
Imperial
40:57
| APM avg | 65.0 |
| APM peak | 125 |
| eAPM avg | 31.7 |
| Villagers / military | 238 / 392 |
Focus
⚔️ 38.4% · 🌾 61.6%
Camel Scout ×249 · Scout Cavalry ×123 · Militia ×17 · Monk ×2 · Spearman ×1
Feudal
9:08
Castle
23:11
Imperial
38:10
| APM avg | 77.8 |
| APM peak | 132 |
| eAPM avg | 40.7 |
| Villagers / military | 243 / 425 |
Focus
⚔️ 36.7% · 🌾 63.3%
Eagle Scout ×413 · Trade Cart ×18 · Plumed Archer ×7 · Trebuchet (Packed) ×4 · Fishing Ship ×2 · Monk ×1
Feudal
9:33
Castle
24:02
Imperial
37:05
| APM avg | 58.0 |
| APM peak | 93 |
| eAPM avg | 33.3 |
| Villagers / military | 221 / 314 |
Focus
⚔️ 32.5% · 🌾 67.5%
Spearman ×97 · Scorpion ×89 · Archer ×53 · Scout Cavalry ×45 · Skirmisher ×15 · Trade Cart ×14
Feudal
9:51
Castle
26:47
Imperial
41:53
| APM avg | 48.6 |
| APM peak | 99 |
| eAPM avg | 29.5 |
| Villagers / military | 278 / 584 |
Focus
⚔️ 36.1% · 🌾 63.9%
Serjeant ×345 · Scout Cavalry ×146 · Knight ×58 · Archer ×30 · Militia ×3 · Spearman ×1
Match map
Initial resources + every placement click. Lines = walls · curves = elevation contours. ◆ gold · ⬟ stone · ● berries · ✦ relic · ◌ wall gap
Your base· Open — 1t gap
Hetzer's base· Open — 5t gap
Il Geno 2K's base· ✓ Closed at 22:46 · 25t walls · no gate
Tuxtron935's base· ✓ Closed at 23:11 · 34t walls · no gate
Sunny Day's base· ✓ Closed at 24:02 · 38t walls · 1 gate(s)
Terrano's base· Open — unwalled flank
Smoothed initial terrain · ◌ = detected wall gap · hover for details
Inputs per minute
— MLT | The King - - Hetzer
Build order — MLT | The King
First 150 of 567 actions detected
| 0:00 | Create | Villager (Male) |
| 0:01 | Build | House |
| 0:02 | Create | Villager (Male) |
| 0:02 | Research | Loom |
| 0:03 | Build | House |
| 0:06 | Create | Villager (Male) |
| 0:06 | Create | Villager (Male) |
| 0:06 | Create | Villager (Male) |
| 1:23 | Create | Villager (Male) |
| 1:24 | Create | Villager (Male) |
| 1:48 | Build | Lumber Camp |
| 2:01 | Create | Villager (Male) |
| 2:02 | Create | Villager (Male) |
| 2:22 | Create | Villager (Male) |
| 2:22 | Create | Villager (Male) |
| 2:58 | Create | Villager (Male) |
| 2:58 | Create | Villager (Male) |
| 3:13 | Create | Villager (Male) |
| 3:13 | Create | Villager (Male) |
| 3:44 | Create | Villager (Male) |
| 3:44 | Create | Villager (Male) |
| 4:19 | Build | House |
| 4:36 | Create | Villager (Male) |
| 4:37 | Create | Villager (Male) |
| 4:37 | Create | Villager (Male) |
| 4:45 | Build | House |
| 5:20 | Create | Villager (Male) |
| 5:26 | Create | Villager (Male) |
| 5:43 | Build | Mill |
| 6:00 | Create | Villager (Male) |
| 6:00 | Create | Villager (Male) |
| 6:00 | Create | Villager (Male) |
| 6:56 | Create | Villager (Male) |
| 7:29 | Create | Villager (Male) |
| 7:35 | Build | Lumber Camp |
| 7:56 | Research | Feudal Age |
| 7:56 | Research | Feudal Age |
| 8:14 | Build | House |
| 8:15 | Build | Barracks |
| 8:39 | Build | Mining Camp |
| 9:11 | Create | Villager (Male) |
| 9:14 | Age | Feudal Age |
| 9:20 | Build | Archery Range |
| 9:26 | Create | Villager (Male) |
| 9:54 | Create | Villager (Male) |
| 10:06 | Build | Archery Range |
| 10:09 | Create | Archer |
| 10:25 | Create | Villager (Male) |
| 10:25 | Create | Villager (Male) |
| 10:25 | Create | Villager (Male) |
| 10:26 | Create | Villager (Male) |
| 10:41 | Build | House |
| 10:43 | Build | House |
| 10:57 | Create | Archer |
| 11:08 | Create | Villager (Male) |
| 11:13 | Create | Archer |
| 11:13 | Create | Archer |
| 11:14 | Create | Archer |
| 11:30 | Build | House |
| 11:40 | Build | Blacksmith |
| 11:42 | Create | Archer |
| 11:42 | Create | Archer |
| 11:42 | Create | Archer |
| 11:43 | Create | Villager (Male) |
| 11:43 | Create | Villager (Male) |
| 11:46 | Create | Villager (Male) |
| 11:57 | Create | Villager (Male) |
| 12:04 | Build | Palisade Wall |
| 12:05 | Build | Palisade Wall |
| 12:06 | Build | Palisade Wall |
| 12:07 | Build | Palisade Wall |
| 12:08 | Build | Palisade Wall |
| 12:11 | Create | Archer |
| 12:19 | Create | Archer |
| 12:23 | Research | Double-Bit Axe |
| 12:24 | Research | Double-Bit Axe |
| 12:24 | Create | Villager (Male) |
| 12:29 | Build | Palisade Wall |
| 12:30 | Build | Palisade Wall |
| 12:31 | Build | Palisade Wall |
| 12:31 | Build | Palisade Wall |
| 12:34 | Build | Palisade Wall |
| 12:37 | Create | Archer |
| 12:37 | Create | Villager (Male) |
| 12:49 | Build | Farm |
| 12:55 | Create | Villager (Male) |
| 13:03 | Create | Archer |
| 13:03 | Create | Archer |
| 13:08 | Build | Palisade Gate |
| 13:10 | Create | Villager (Male) |
| 13:16 | Create | Archer |
| 13:16 | Create | Archer |
| 13:17 | Create | Villager (Male) |
| 13:25 | Build | Palisade Wall |
| 13:28 | Build | Palisade Wall |
| 13:33 | Create | Archer |
| 13:39 | Build | Farm |
| 13:53 | Build | Farm |
| 13:55 | Create | Villager (Male) |
| 14:03 | Build | House |
| 14:05 | Create | Archer |
| 14:15 | Research | Horse Collar |
| 14:15 | Research | Horse Collar |
| 14:31 | Create | Archer |
| 14:31 | Create | Archer |
| 14:35 | Build | House |
| 14:42 | Create | Archer |
| 14:51 | Build | Farm |
| 14:53 | Build | Farm |
| 14:59 | Build | Farm |
| 15:14 | Create | Villager (Male) |
| 15:16 | Build | House |
| 15:19 | Create | Archer |
| 15:32 | Build | House |
| 15:36 | Build | House |
| 15:47 | Create | Archer |
| 15:47 | Create | Archer |
| 15:49 | Research | Fletching |
| 15:50 | Research | Fletching |
| 15:57 | Build | Farm |
| 15:59 | Build | Farm |
| 15:59 | Build | Farm |
| 16:05 | Create | Villager (Male) |
| 16:15 | Build | Farm |
| 16:17 | Build | Farm |
| 16:18 | Build | Farm |
| 16:35 | Research | Town Watch |
| 16:36 | Research | Town Watch |
| 16:45 | Build | House |
| 16:59 | Create | Archer |
| 16:59 | Create | Archer |
| 17:04 | Create | Villager (Male) |
| 17:32 | Create | Archer |
| 17:32 | Create | Archer |
| 17:33 | Create | Villager (Male) |
| 17:33 | Create | Villager (Male) |
| 17:36 | Build | Farm |
| 17:37 | Build | Farm |
| 17:48 | Create | Archer |
| 17:53 | Create | Villager (Male) |
| 18:03 | Build | Market |
| 18:05 | Build | Palisade Wall |
| 18:17 | Create | Villager (Male) |
| 18:20 | Build | Farm |
| 18:21 | Create | Villager (Male) |
| 18:24 | Build | Farm |
| 18:26 | Create | Villager (Male) |
| 18:30 | Build | Farm |
| 18:31 | Build | Farm |
| 18:34 | Create | Villager (Male) |
Build order — Hetzer
First 150 of 472 actions detected
| 0:01 | Create | Villager (Male) ×4 |
| 0:02 | Build | House |
| 0:03 | Build | House |
| 1:35 | Create | Villager (Male) |
| 1:45 | Build | Lumber Camp |
| 2:01 | Create | Villager (Male) |
| 2:23 | Create | Villager (Male) |
| 2:51 | Create | Villager (Male) |
| 3:22 | Create | Villager (Male) |
| 3:26 | Build | Mill |
| 3:51 | Create | Villager (Male) |
| 3:57 | Build | House |
| 4:20 | Create | Villager (Male) |
| 4:21 | Create | Villager (Male) |
| 4:51 | Create | Villager (Male) |
| 5:17 | Build | House |
| 5:22 | Create | Villager (Male) |
| 5:37 | Create | Villager (Male) |
| 5:53 | Create | Villager (Male) |
| 6:18 | Research | Loom |
| 7:18 | Research | Feudal Age |
| 7:22 | Build | Barracks |
| 7:59 | Build | House |
| 8:01 | Build | Palisade Wall |
| 8:29 | Build | Mining Camp |
| 8:42 | Create | Villager (Male) |
| 9:28 | Age | Feudal Age |
| 9:31 | Create | Villager (Male) |
| 9:34 | Build | Archery Range |
| 10:17 | Build | Archery Range |
| 10:18 | Create | Villager (Male) |
| 10:19 | Create | Spearman |
| 10:31 | Create | Archer |
| 10:37 | Build | Palisade Wall |
| 10:39 | Create | Villager (Male) |
| 11:05 | Build | Blacksmith |
| 11:11 | Create | Villager (Male) |
| 11:14 | Create | Archer |
| 11:23 | Create | Archer |
| 11:50 | Research | Double-Bit Axe |
| 11:50 | Research | Double-Bit Axe |
| 11:53 | Create | Archer |
| 11:55 | Create | Spearman |
| 12:03 | Build | House |
| 12:05 | Build | House |
| 12:07 | Build | Palisade Wall |
| 12:19 | Create | Villager (Male) |
| 12:19 | Create | Villager (Male) |
| 12:27 | Research | Fletching |
| 12:53 | Create | Archer |
| 12:57 | Create | Spearman |
| 12:59 | Create | Villager (Male) |
| 13:10 | Build | Market |
| 13:13 | Build | House |
| 13:14 | Build | Palisade Wall |
| 13:16 | Create | Villager (Male) |
| 13:19 | Build | Lumber Camp |
| 13:23 | Create | Archer |
| 13:23 | Create | Archer |
| 13:33 | Create | Spearman |
| 13:36 | Create | Villager (Male) |
| 13:47 | Create | Archer |
| 14:18 | Create | Archer |
| 14:19 | Create | Archer |
| 14:31 | Create | Villager (Male) |
| 14:34 | Create | Archer |
| 14:46 | Create | Villager (Male) |
| 15:02 | Create | Archer |
| 15:06 | Create | Spearman |
| 15:31 | Create | Villager (Male) |
| 15:37 | Create | Archer |
| 15:38 | Create | Archer |
| 15:53 | Create | Archer |
| 16:04 | Create | Villager (Male) |
| 16:07 | Build | House |
| 16:12 | Create | Archer |
| 16:18 | Build | House |
| 16:21 | Build | House |
| 16:24 | Build | Farm |
| 16:24 | Build | Farm |
| 16:24 | Build | Farm |
| 16:26 | Build | Farm |
| 16:35 | Build | Farm |
| 16:35 | Build | Farm |
| 16:35 | Build | Farm |
| 16:35 | Build | Farm |
| 16:38 | Create | Archer |
| 16:40 | Create | Villager (Male) |
| 16:55 | Build | Farm |
| 17:02 | Build | Farm |
| 17:04 | Build | Farm |
| 17:42 | Create | Villager (Male) |
| 17:43 | Create | Archer |
| 17:43 | Create | Archer |
| 18:08 | Create | Archer |
| 18:08 | Create | Archer |
| 18:12 | Create | Villager (Male) |
| 18:14 | Build | Farm |
| 18:18 | Build | House |
| 18:21 | Build | Palisade Wall |
| 18:21 | Build | Palisade Wall |
| 18:30 | Create | Archer |
| 18:34 | Create | Villager (Male) |
| 18:39 | Build | Farm |
| 18:42 | Build | Farm |
| 19:06 | Research | Wheelbarrow |
| 19:07 | Create | Archer |
| 19:08 | Create | Archer |
| 19:31 | Create | Villager (Male) |
| 19:31 | Create | Archer |
| 19:37 | Create | Spearman |
| 19:50 | Build | Farm |
| 20:31 | Create | Archer |
| 20:31 | Create | Archer |
| 20:33 | Create | Villager (Male) |
| 20:37 | Build | House |
| 20:39 | Create | Spearman |
| 20:58 | Create | Spearman |
| 21:00 | Create | Villager (Male) |
| 21:03 | Build | Farm |
| 21:15 | Build | House |
| 21:53 | Build | House |
| 22:00 | Create | Archer |
| 22:00 | Create | Archer |
| 22:14 | Research | Castle Age |
| 22:14 | Research | Castle Age |
| 22:23 | Build | House |
| 22:25 | Build | Lumber Camp |
| 22:32 | Create | Archer |
| 22:33 | Create | Archer |
| 22:35 | Create | Spearman |
| 22:42 | Research | Padded Archer Armor |
| 22:49 | Research | Gold Mining |
| 24:02 | Create | Villager (Male) |
| 24:03 | Create | Archer |
| 24:04 | Create | Archer |
| 24:04 | Create | Archer |
| 24:04 | Create | Archer |
| 24:29 | Create | Archer |
| 24:29 | Create | Archer |
| 24:38 | Build | Stable |
| 24:54 | Age | Castle Age |
| 24:55 | Research | Crossbowman (upgrade) |
| 24:58 | Research | Bodkin Arrow |
| 25:23 | Create | Archer |
| 25:23 | Create | Archer |
| 25:30 | Create | Villager (Male) |
| 25:37 | Create | Villager (Male) |
| 25:39 | Build | Town Center |
| 25:43 | Build | Town Center |
Build order — Il Geno 2K
First 150 of 958 actions detected
| 0:00 | Create | Villager (Male) |
| 0:01 | Create | Villager (Male) |
| 0:01 | Create | Villager (Male) |
| 0:02 | Build | House |
| 0:03 | Build | House |
| 0:35 | Create | Villager (Male) |
| 0:35 | Create | Villager (Male) |
| 1:07 | Create | Villager (Male) |
| 1:07 | Create | Villager (Male) |
| 1:36 | Create | Villager (Male) |
| 1:36 | Create | Villager (Male) |
| 1:59 | Create | Villager (Male) |
| 2:00 | Create | Villager (Male) |
| 2:20 | Create | Villager (Male) |
| 2:20 | Create | Villager (Male) |
| 2:23 | Build | Lumber Camp |
| 2:51 | Create | Villager (Male) |
| 3:35 | Build | House |
| 3:55 | Create | Villager (Male) |
| 3:55 | Create | Villager (Male) |
| 4:03 | Create | Villager (Male) |
| 4:04 | Create | Villager (Male) |
| 4:47 | Create | Villager (Male) |
| 5:14 | Build | Mill |
| 5:21 | Create | Villager (Male) |
| 5:48 | Research | Loom |
| 6:41 | Research | Feudal Age |
| 7:33 | Build | Barracks |
| 7:54 | Build | House |
| 8:26 | Create | Villager (Male) |
| 9:00 | Age | Feudal Age |
| 9:01 | Build | Stable |
| 9:04 | Create | Villager (Male) |
| 9:05 | Research | Double-Bit Axe |
| 9:05 | Research | Double-Bit Axe |
| 9:25 | Research | Horse Collar |
| 9:32 | Create | Villager (Male) |
| 9:41 | Build | House |
| 9:44 | Create | Scout Cavalry |
| 9:44 | Create | Scout Cavalry |
| 9:49 | Build | Palisade Wall |
| 9:50 | Build | House |
| 10:05 | Create | Villager (Male) |
| 10:10 | Create | Scout Cavalry |
| 10:15 | Build | Farm |
| 10:20 | Build | Farm |
| 10:25 | Create | Villager (Male) |
| 10:26 | Create | Villager (Male) |
| 10:39 | Create | Villager (Male) |
| 10:53 | Build | House |
| 10:53 | Create | Villager (Male) |
| 10:56 | Build | Farm |
| 10:59 | Build | Farm |
| 10:59 | Create | Villager (Male) |
| 11:15 | Build | House |
| 11:33 | Create | Scout Cavalry |
| 11:37 | Build | House |
| 11:56 | Create | Scout Cavalry |
| 12:01 | Build | Farm |
| 12:01 | Build | Farm |
| 12:03 | Build | Farm |
| 12:07 | Create | Villager (Male) |
| 12:07 | Create | Villager (Male) |
| 12:11 | Build | Palisade Wall |
| 12:21 | Create | Villager (Male) |
| 12:26 | Build | Farm |
| 12:30 | Create | Villager (Male) |
| 12:58 | Create | Scout Cavalry |
| 12:59 | Create | Villager (Male) |
| 13:02 | Build | House |
| 13:04 | Build | Farm |
| 13:07 | Build | Farm |
| 13:08 | Create | Villager (Male) |
| 13:08 | Create | Villager (Male) |
| 13:21 | Create | Villager (Male) |
| 13:29 | Build | Farm |
| 13:34 | Create | Villager (Male) |
| 13:37 | Create | Villager (Male) |
| 13:39 | Create | Villager (Male) |
| 13:43 | Build | House |
| 13:45 | Build | Palisade Wall |
| 13:47 | Create | Villager (Male) |
| 14:09 | Create | Villager (Male) |
| 14:21 | Create | Villager (Male) |
| 14:21 | Create | Villager (Male) |
| 14:32 | Create | Scout Cavalry |
| 14:36 | Build | Blacksmith |
| 14:41 | Create | Villager (Male) |
| 14:53 | Build | Farm |
| 15:02 | Build | Lumber Camp |
| 15:20 | Create | Scout Cavalry |
| 15:21 | Create | Scout Cavalry |
| 15:39 | Create | Villager (Male) |
| 15:42 | Build | House |
| 15:47 | Research | Scale Barding Armor |
| 16:07 | Build | Mining Camp |
| 16:11 | Build | Mining Camp |
| 16:17 | Build | House |
| 16:19 | Build | Palisade Wall |
| 16:21 | Create | Scout Cavalry |
| 16:21 | Create | Scout Cavalry |
| 16:26 | Build | Farm |
| 16:26 | Build | Farm |
| 16:27 | Build | Farm |
| 16:27 | Build | Farm |
| 16:27 | Build | Farm |
| 16:32 | Create | Scout Cavalry |
| 16:33 | Create | Scout Cavalry |
| 16:49 | Build | House |
| 16:52 | Build | Farm |
| 17:18 | Create | Scout Cavalry |
| 17:18 | Create | Villager (Male) |
| 17:20 | Build | House |
| 17:30 | Research | Bloodlines |
| 17:42 | Create | Villager (Male) |
| 17:47 | Build | Farm |
| 17:48 | Build | Farm |
| 17:53 | Build | Farm |
| 17:54 | Build | Farm |
| 17:54 | Create | Villager (Male) |
| 17:57 | Build | Farm |
| 18:00 | Build | House |
| 18:04 | Build | House |
| 18:39 | Research | Wheelbarrow |
| 18:46 | Build | House |
| 18:49 | Build | Palisade Wall |
| 19:15 | Build | Farm |
| 20:06 | Research | Castle Age |
| 20:06 | Research | Castle Age |
| 20:12 | Build | Stable |
| 20:36 | Create | Scout Cavalry |
| 20:40 | Research | Gold Mining |
| 20:57 | Create | Scout Cavalry |
| 20:58 | Create | Scout Cavalry |
| 21:10 | Research | Forging |
| 21:11 | Research | Forging |
| 21:50 | Build | House |
| 21:55 | Create | Scout Cavalry |
| 21:56 | Create | Scout Cavalry |
| 22:10 | Research | Town Watch |
| 22:11 | Create | Villager (Male) |
| 22:11 | Create | Villager (Male) |
| 22:11 | Create | Villager (Male) |
| 22:27 | Create | Scout Cavalry |
| 22:34 | Create | Villager (Male) |
| 22:46 | Age | Castle Age |
| 22:48 | Research | Husbandry |
| 22:59 | Research | Chain Barding Armor |
| 23:14 | Research | Light Cavalry (upgrade) |
| 23:14 | Research | Light Cavalry (upgrade) |
Build order — Tuxtron935
First 150 of 961 actions detected
| 0:04 | Research | Loom |
| 0:05 | Research | Loom |
| 0:05 | Create | Villager (Male) |
| 0:05 | Create | Villager (Male) |
| 0:05 | Create | Villager (Male) |
| 0:07 | Build | House |
| 0:08 | Build | House |
| 1:27 | Create | Villager (Male) |
| 1:27 | Create | Villager (Male) |
| 1:49 | Build | Lumber Camp |
| 2:06 | Create | Villager (Male) |
| 2:09 | Create | Villager (Male) |
| 2:09 | Create | Villager (Male) |
| 2:09 | Create | Villager (Male) |
| 2:43 | Create | Villager (Male) |
| 3:03 | Create | Villager (Male) |
| 3:44 | Create | Villager (Male) |
| 3:45 | Create | Villager (Male) |
| 3:45 | Create | Villager (Male) |
| 3:58 | Build | House |
| 4:01 | Create | Villager (Male) |
| 5:07 | Create | Villager (Male) |
| 5:10 | Create | Villager (Male) |
| 5:10 | Create | Villager (Male) |
| 5:11 | Build | Mining Camp |
| 5:12 | Create | Villager (Male) |
| 6:15 | Create | Villager (Male) |
| 6:23 | Create | Villager (Male) |
| 6:58 | Research | Feudal Age |
| 6:58 | Research | Feudal Age |
| 7:21 | Build | Barracks |
| 7:24 | Build | House |
| 8:03 | Build | Palisade Wall |
| 8:16 | Build | Barracks |
| 8:27 | Create | Villager (Male) |
| 8:48 | Create | Villager (Male) |
| 8:58 | Build | House |
| 9:08 | Age | Feudal Age |
| 9:15 | Create | Eagle Scout |
| 9:15 | Create | Eagle Scout |
| 9:15 | Create | Eagle Scout |
| 9:21 | Create | Villager (Male) |
| 9:26 | Create | Eagle Scout |
| 9:26 | Create | Eagle Scout |
| 9:27 | Create | Eagle Scout |
| 9:38 | Create | Villager (Male) |
| 9:45 | Research | Double-Bit Axe |
| 9:47 | Build | Mill |
| 9:53 | Create | Eagle Scout |
| 10:00 | Create | Eagle Scout |
| 10:10 | Create | Eagle Scout |
| 10:10 | Create | Villager (Male) |
| 10:22 | Build | House |
| 10:24 | Create | Villager (Male) |
| 10:38 | Build | Farm |
| 10:48 | Create | Villager (Male) |
| 10:56 | Create | Eagle Scout |
| 11:02 | Build | Blacksmith |
| 11:05 | Build | House |
| 11:06 | Create | Eagle Scout |
| 11:20 | Create | Villager (Male) |
| 11:20 | Create | Villager (Male) |
| 11:59 | Create | Eagle Scout |
| 12:09 | Create | Villager (Male) |
| 12:10 | Create | Villager (Male) |
| 12:12 | Build | Farm |
| 12:16 | Build | House |
| 12:18 | Build | Palisade Wall |
| 12:23 | Create | Eagle Scout |
| 12:38 | Create | Villager (Male) |
| 12:48 | Build | Farm |
| 12:49 | Build | Farm |
| 12:54 | Build | Farm |
| 12:59 | Build | Farm |
| 12:59 | Build | Farm |
| 13:00 | Create | Eagle Scout |
| 13:15 | Research | Scale Mail Armor |
| 13:16 | Research | Scale Mail Armor |
| 13:24 | Build | House |
| 13:26 | Build | House |
| 13:32 | Create | Villager (Male) |
| 13:32 | Create | Villager (Male) |
| 13:33 | Create | Villager (Male) |
| 13:47 | Create | Villager (Male) |
| 13:52 | Create | Eagle Scout |
| 13:52 | Create | Eagle Scout |
| 13:52 | Create | Eagle Scout |
| 13:52 | Create | Eagle Scout |
| 14:15 | Create | Villager (Male) |
| 14:16 | Create | Villager (Male) |
| 14:19 | Build | House |
| 14:22 | Build | Palisade Wall |
| 14:25 | Build | Palisade Wall |
| 14:26 | Create | Eagle Scout |
| 14:32 | Create | Villager (Male) |
| 14:33 | Create | Villager (Male) |
| 14:38 | Create | Villager (Male) |
| 14:38 | Create | Villager (Male) |
| 14:41 | Build | Farm |
| 14:42 | Build | Farm |
| 15:04 | Build | Farm |
| 15:05 | Build | Farm |
| 15:09 | Create | Eagle Scout |
| 15:09 | Create | Eagle Scout |
| 15:10 | Create | Villager (Male) |
| 15:12 | Create | Villager (Male) |
| 15:12 | Create | Villager (Male) |
| 15:39 | Create | Eagle Scout |
| 15:39 | Create | Eagle Scout |
| 15:45 | Create | Villager (Male) |
| 15:46 | Create | Villager (Male) |
| 15:46 | Create | Villager (Male) |
| 15:53 | Build | Farm |
| 15:54 | Build | Farm |
| 16:12 | Create | Eagle Scout |
| 16:12 | Create | Eagle Scout |
| 16:14 | Create | Villager (Male) |
| 16:25 | Research | Arson |
| 16:25 | Research | Arson |
| 16:30 | Create | Eagle Scout |
| 16:30 | Create | Eagle Scout |
| 16:35 | Create | Villager (Male) |
| 16:40 | Create | Villager (Male) |
| 16:41 | Create | Villager (Male) |
| 16:43 | Build | Farm |
| 16:48 | Build | Farm |
| 16:54 | Build | Farm |
| 17:05 | Research | Wheelbarrow |
| 17:05 | Research | Wheelbarrow |
| 17:15 | Create | Eagle Scout |
| 17:15 | Create | Eagle Scout |
| 17:20 | Create | Villager (Male) |
| 17:21 | Create | Villager (Male) |
| 17:26 | Build | Farm |
| 17:27 | Create | Eagle Scout |
| 17:39 | Create | Villager (Male) |
| 17:58 | Create | Villager (Male) |
| 18:37 | Create | Eagle Scout |
| 18:37 | Create | Villager (Male) |
| 18:44 | Build | Lumber Camp |
| 18:45 | Build | Farm |
| 18:50 | Build | Farm |
| 18:56 | Create | Eagle Scout |
| 18:56 | Create | Eagle Scout |
| 18:59 | Create | Villager (Male) |
| 19:05 | Create | Villager (Male) |
| 19:10 | Build | Market |
| 19:21 | Build | Farm |
| 19:22 | Build | Farm |
| 19:28 | Build | Farm |
Build order — Sunny Day
First 150 of 682 actions detected
| 0:07 | Research | Loom |
| 0:58 | Create | Villager (Male) |
| 1:30 | Build | Lumber Camp |
| 1:33 | Create | Villager (Male) |
| 1:55 | Create | Villager (Male) |
| 1:55 | Create | Villager (Male) |
| 2:25 | Create | Villager (Male) |
| 2:30 | Build | House |
| 2:44 | Create | Villager (Male) |
| 3:17 | Create | Villager (Male) |
| 3:33 | Create | Villager (Male) |
| 3:56 | Create | Villager (Male) |
| 4:27 | Create | Villager (Male) ×2 |
| 4:55 | Create | Villager (Male) |
| 5:24 | Build | Mining Camp |
| 6:04 | Create | Villager (Male) |
| 6:27 | Build | House |
| 6:38 | Create | Villager (Male) |
| 7:23 | Research | Feudal Age |
| 7:23 | Research | Feudal Age |
| 7:33 | Build | Barracks |
| 8:10 | Build | Palisade Wall |
| 8:14 | Build | Palisade Wall |
| 9:14 | Build | Mill |
| 9:33 | Age | Feudal Age |
| 9:36 | Build | Archery Range |
| 9:37 | Create | Villager (Male) |
| 9:38 | Research | Double-Bit Axe |
| 9:53 | Build | Farm |
| 9:54 | Build | Farm |
| 9:55 | Build | Farm |
| 10:21 | Build | Archery Range |
| 10:29 | Create | Villager (Male) |
| 10:42 | Create | Archer |
| 10:43 | Create | Archer |
| 10:59 | Create | Archer |
| 11:02 | Build | House |
| 11:17 | Create | Archer |
| 11:17 | Create | Archer |
| 11:17 | Create | Archer |
| 11:21 | Create | Villager (Male) |
| 11:35 | Build | House |
| 11:54 | Create | Villager (Male) |
| 12:00 | Create | Archer |
| 12:00 | Create | Archer |
| 12:08 | Build | House |
| 12:16 | Build | Palisade Wall |
| 12:22 | Build | Palisade Wall |
| 12:26 | Create | Villager (Male) |
| 12:27 | Build | Farm |
| 12:38 | Create | Archer |
| 12:38 | Create | Archer |
| 12:41 | Create | Villager (Male) |
| 13:02 | Create | Archer |
| 13:03 | Create | Villager (Male) |
| 13:15 | Build | Palisade Wall |
| 13:24 | Build | Blacksmith |
| 13:30 | Create | Villager (Male) |
| 13:31 | Create | Villager (Male) |
| 13:47 | Create | Villager (Male) |
| 14:00 | Create | Archer |
| 14:01 | Create | Archer |
| 14:07 | Build | Palisade Gate |
| 14:11 | Build | Farm |
| 14:14 | Create | Villager (Male) |
| 14:14 | Create | Villager (Male) |
| 14:36 | Research | Fletching |
| 14:40 | Create | Villager (Male) |
| 14:43 | Build | House |
| 14:49 | Build | Lumber Camp |
| 14:56 | Create | Archer |
| 14:56 | Create | Archer |
| 14:58 | Create | Villager (Male) |
| 15:02 | Build | House |
| 15:03 | Build | House |
| 15:15 | Build | Farm |
| 15:15 | Build | Farm |
| 15:31 | Research | Padded Archer Armor |
| 15:34 | Build | Farm |
| 15:45 | Build | House |
| 15:49 | Create | Archer |
| 15:50 | Create | Archer |
| 15:50 | Create | Archer |
| 15:51 | Create | Archer |
| 15:52 | Create | Villager (Male) |
| 15:52 | Create | Villager (Male) |
| 16:13 | Build | House |
| 16:16 | Create | Villager (Male) |
| 16:17 | Create | Villager (Male) |
| 16:17 | Create | Villager (Male) |
| 16:34 | Build | Palisade Wall |
| 16:39 | Build | Farm |
| 16:39 | Build | Farm |
| 16:55 | Research | Wheelbarrow |
| 16:56 | Research | Wheelbarrow |
| 16:59 | Create | Archer |
| 16:59 | Create | Archer |
| 17:00 | Create | Archer |
| 17:02 | Build | Farm |
| 17:06 | Build | Farm |
| 17:07 | Build | Farm |
| 17:30 | Create | Skirmisher |
| 17:30 | Create | Skirmisher |
| 17:30 | Create | Skirmisher |
| 17:41 | Build | House |
| 17:46 | Create | Skirmisher |
| 17:46 | Create | Skirmisher |
| 18:04 | Create | Villager (Male) |
| 18:04 | Create | Villager (Male) |
| 18:29 | Create | Archer |
| 18:30 | Create | Skirmisher |
| 18:30 | Create | Archer |
| 18:30 | Create | Skirmisher |
| 19:08 | Create | Skirmisher |
| 19:08 | Create | Skirmisher |
| 19:27 | Create | Skirmisher |
| 19:28 | Create | Skirmisher |
| 19:33 | Create | Villager (Male) |
| 19:34 | Create | Villager (Male) |
| 19:37 | Create | Skirmisher |
| 19:37 | Create | Skirmisher |
| 19:42 | Build | Farm |
| 19:55 | Create | Skirmisher |
| 19:55 | Create | Skirmisher |
| 20:07 | Create | Archer |
| 20:07 | Create | Archer |
| 20:10 | Create | Villager (Male) |
| 20:32 | Build | Farm |
| 20:40 | Build | Farm |
| 20:44 | Create | Archer |
| 20:46 | Create | Archer |
| 21:02 | Build | Farm |
| 21:22 | Research | Castle Age |
| 21:23 | Research | Castle Age |
| 21:31 | Create | Archer |
| 21:32 | Create | Archer |
| 22:00 | Research | Gold Mining |
| 22:01 | Research | Gold Mining |
| 22:09 | Build | Lumber Camp |
| 22:24 | Build | Archery Range |
| 22:34 | Create | Archer |
| 22:35 | Create | Archer |
| 23:38 | Build | House |
| 24:02 | Age | Castle Age |
| 24:05 | Research | Crossbowman (upgrade) |
| 24:06 | Research | Elite Skirmisher (upgrade) |
| 24:08 | Research | Bodkin Arrow |
| 24:09 | Create | Villager (Male) |
| 24:14 | Create | Villager (Male) |
| 24:35 | Build | Town Center |
Build order — Terrano
First 150 of 965 actions detected
| 0:01 | Create | Villager (Male) |
| 0:01 | Create | Villager (Male) |
| 0:02 | Build | House |
| 0:04 | Build | House |
| 0:07 | Create | Villager (Male) |
| 0:10 | Create | Villager (Male) |
| 1:09 | Create | Villager (Male) |
| 1:49 | Create | Villager (Male) |
| 1:49 | Create | Villager (Male) |
| 1:51 | Build | Lumber Camp |
| 2:14 | Create | Villager (Male) |
| 2:36 | Create | Villager (Male) |
| 2:36 | Create | Villager (Male) |
| 3:14 | Create | Villager (Male) |
| 3:15 | Create | Villager (Male) |
| 3:17 | Build | House |
| 3:43 | Create | Villager (Male) |
| 4:01 | Create | Villager (Male) |
| 4:01 | Create | Villager (Male) |
| 4:25 | Create | Villager (Male) |
| 4:25 | Create | Villager (Male) |
| 4:25 | Create | Villager (Male) |
| 4:33 | Create | Villager (Male) |
| 5:05 | Create | Villager (Male) |
| 5:13 | Create | Villager (Male) |
| 5:13 | Create | Villager (Male) |
| 5:38 | Build | Mining Camp |
| 5:41 | Create | Villager (Male) |
| 5:43 | Create | Villager (Male) |
| 5:46 | Create | Villager (Male) |
| 6:00 | Create | Villager (Male) |
| 6:52 | Research | Loom |
| 7:27 | Build | Lumber Camp |
| 7:41 | Research | Feudal Age |
| 8:26 | Build | Barracks |
| 9:22 | Build | Palisade Wall |
| 9:46 | Create | Villager (Male) |
| 9:51 | Age | Feudal Age |
| 9:53 | Create | Villager (Male) |
| 9:55 | Create | Villager (Male) |
| 9:57 | Create | Villager (Male) |
| 10:00 | Build | Mill |
| 10:07 | Create | Villager (Male) |
| 10:22 | Build | House |
| 10:28 | Build | Archery Range |
| 10:31 | Build | Archery Range |
| 10:41 | Create | Villager (Male) |
| 10:54 | Build | House |
| 11:15 | Create | Archer |
| 11:16 | Create | Archer |
| 11:25 | Build | House |
| 11:32 | Build | House |
| 11:33 | Create | Villager (Male) |
| 12:28 | Build | Blacksmith |
| 12:29 | Create | Villager (Male) |
| 12:34 | Create | Villager (Male) |
| 12:34 | Create | Villager (Male) |
| 12:43 | Create | Villager (Male) |
| 12:43 | Create | Villager (Male) |
| 12:58 | Create | Archer |
| 12:58 | Create | Archer |
| 13:07 | Create | Villager (Male) |
| 13:23 | Build | Farm |
| 13:24 | Build | Farm |
| 13:25 | Build | Farm |
| 13:32 | Research | Fletching |
| 13:32 | Research | Fletching |
| 13:47 | Create | Villager (Male) |
| 13:48 | Create | Archer |
| 13:48 | Create | Archer |
| 13:53 | Build | Farm |
| 14:10 | Create | Archer |
| 14:10 | Create | Archer |
| 14:10 | Create | Archer |
| 14:12 | Create | Villager (Male) |
| 14:17 | Create | Archer |
| 14:17 | Create | Archer |
| 14:41 | Create | Archer |
| 14:42 | Create | Villager (Male) |
| 14:43 | Create | Villager (Male) |
| 14:48 | Build | Farm |
| 14:59 | Create | Villager (Male) |
| 15:06 | Build | Donjon |
| 15:08 | Build | House |
| 15:10 | Build | Palisade Wall |
| 15:15 | Build | Palisade Wall |
| 15:20 | Create | Villager (Male) |
| 15:20 | Create | Villager (Male) |
| 15:20 | Create | Villager (Male) |
| 15:21 | Create | Archer |
| 15:22 | Create | Archer |
| 15:24 | Create | Villager (Male) |
| 15:24 | Create | Villager (Male) |
| 15:49 | Create | Villager (Male) |
| 16:07 | Create | Spearman |
| 16:08 | Create | Villager (Male) |
| 16:13 | Create | Villager (Male) |
| 16:15 | Create | Archer |
| 16:16 | Create | Archer |
| 16:18 | Build | Farm |
| 16:24 | Build | Farm |
| 16:25 | Build | Farm |
| 16:34 | Create | Villager (Male) |
| 16:39 | Build | Farm |
| 16:44 | Build | Farm |
| 16:44 | Create | Archer |
| 16:45 | Create | Archer |
| 16:45 | Create | Archer |
| 16:57 | Create | Villager (Male) |
| 17:05 | Build | Farm |
| 17:05 | Create | Archer |
| 17:05 | Create | Archer |
| 17:06 | Create | Archer |
| 17:16 | Create | Archer |
| 17:16 | Create | Archer |
| 17:17 | Create | Archer |
| 17:18 | Create | Villager (Male) |
| 17:18 | Create | Villager (Male) |
| 17:19 | Create | Villager (Male) |
| 17:41 | Create | Villager (Male) |
| 17:44 | Create | Archer |
| 17:44 | Create | Archer |
| 17:45 | Create | Villager (Male) |
| 18:10 | Create | Villager (Male) |
| 18:15 | Create | Villager (Male) |
| 18:15 | Create | Villager (Male) |
| 18:15 | Create | Villager (Male) |
| 18:23 | Create | Villager (Male) |
| 18:23 | Create | Villager (Male) |
| 18:25 | Build | Farm |
| 18:25 | Build | Farm |
| 18:26 | Build | Farm |
| 18:26 | Build | Farm |
| 18:26 | Build | Farm |
| 18:26 | Build | Farm |
| 18:27 | Build | Farm |
| 18:27 | Build | Farm |
| 18:31 | Create | Archer |
| 18:32 | Create | Archer |
| 18:39 | Create | Villager (Male) |
| 18:44 | Build | House |
| 18:45 | Build | House |
| 18:53 | Build | Palisade Wall |
| 18:56 | Create | Villager (Male) |
| 19:00 | Create | Villager (Male) |
| 19:08 | Create | Villager (Male) |
| 19:22 | Build | Mining Camp |
| 19:30 | Build | Palisade Wall |
| 19:33 | Build | House |
| 19:43 | Create | Archer |
Match timeline
| 7:21 | Tuxtron935 · first_building Barracks |
| 7:22 | Hetzer · first_building Barracks |
| 7:33 | Il Geno 2K · first_building Barracks |
| 7:33 | Sunny Day · first_building Barracks |
| 8:01 | Hetzer · wall_segment Palisade Wall x1 |
| 8:03 | Tuxtron935 · wall_segment Palisade Wall x1 |
| 8:10 | Sunny Day · wall_segment Palisade Wall x6 |
| 8:14 | Sunny Day · wall_segment Palisade Wall x5 |
| 8:15 | MLT | The King · first_building Barracks |
| 8:26 | Terrano · first_building Barracks |
| 9:00 | Il Geno 2K · age_up feudal |
| 9:01 | Il Geno 2K · first_building Stable |
| 9:08 | Tuxtron935 · age_up feudal |
| 9:14 | MLT | The King · age_up feudal |
| 9:20 | MLT | The King · first_building Archery Range |
| 9:22 | Terrano · wall_segment Palisade Wall x1 |
| 9:28 | Hetzer · age_up feudal |
| 9:33 | Sunny Day · age_up feudal |
| 9:34 | Hetzer · first_building Archery Range |
| 9:36 | Sunny Day · first_building Archery Range |
| 9:49 | Il Geno 2K · wall_segment Palisade Wall x1 |
| 9:51 | Terrano · age_up feudal |
| 10:28 | Terrano · first_building Archery Range |
| 10:37 | Hetzer · wall_segment Palisade Wall x1 |
| 12:04 | MLT | The King · wall_segment Palisade Wall x1 |
| 12:05 | MLT | The King · wall_segment Palisade Wall x1 |
| 12:06 | MLT | The King · wall_segment Palisade Wall x1 |
| 12:07 | Hetzer · wall_segment Palisade Wall x1 |
| 12:07 | MLT | The King · wall_segment Palisade Wall x1 |
| 12:08 | MLT | The King · wall_segment Palisade Wall x1 |
| 12:11 | Il Geno 2K · wall_segment Palisade Wall x7 |
| 12:16 | Sunny Day · wall_segment Palisade Wall x2 |
| 12:18 | Tuxtron935 · wall_segment Palisade Wall x11 |
| 12:22 | Sunny Day · wall_segment Palisade Wall x8 |
| 12:29 | MLT | The King · wall_segment Palisade Wall x1 |
| 12:30 | MLT | The King · wall_segment Palisade Wall x1 |
| 12:31 | MLT | The King · wall_segment Palisade Wall x1 |
| 12:31 | MLT | The King · wall_segment Palisade Wall x1 |
| 12:34 | MLT | The King · wall_segment Palisade Wall x8 |
| 13:14 | Hetzer · wall_segment Palisade Wall x1 |
| 13:15 | Sunny Day · wall_segment Palisade Wall x7 |
| 13:25 | MLT | The King · wall_segment Palisade Wall x1 |
| 13:28 | MLT | The King · wall_segment Palisade Wall x6 |
| 13:45 | Il Geno 2K · wall_segment Palisade Wall x10 |
| 14:22 | Tuxtron935 · wall_segment Palisade Wall x12 |
| 14:25 | Tuxtron935 · wall_segment Palisade Wall x9 |
| 15:06 | Terrano · first_building Donjon |
| 15:10 | Terrano · wall_segment Palisade Wall x1 |
| 15:15 | Terrano · wall_segment Palisade Wall x1 |
| 16:19 | Il Geno 2K · wall_segment Palisade Wall x1 |
| 16:34 | Sunny Day · wall_segment Palisade Wall x10 |
| 18:05 | MLT | The King · wall_segment Palisade Wall x1 |
| 18:21 | Hetzer · wall_segment Palisade Wall x1 |
| 18:21 | Hetzer · wall_segment Palisade Wall x1 |
| 18:46 | MLT | The King · wall_segment Palisade Wall x7 |
| 18:49 | Il Geno 2K · wall_segment Palisade Wall x6 |
| 18:53 | Terrano · wall_segment Palisade Wall x1 |
| 19:30 | Terrano · wall_segment Palisade Wall x7 |
| 19:36 | MLT | The King · first_market_sell 100 stone |
| 19:37 | MLT | The King · first_market_buy 100 food |
| 20:01 | Tuxtron935 · first_market_sell 100 stone |
| 21:07 | Terrano · wall_segment Stone Wall x5 |
| 21:15 | Terrano · wall_segment Stone Wall x1 |
| 21:20 | Tuxtron935 · wall_segment Palisade Wall x1 |
| 21:45 | MLT | The King · age_up castle |
| 22:12 | Hetzer · first_market_sell 100 wood |
| 22:13 | Hetzer · first_market_buy 100 food |
| 22:46 | Il Geno 2K · age_up castle |
| 23:11 | Tuxtron935 · age_up castle |
| 23:53 | Terrano · first_market_sell 100 wood |
| 24:02 | Sunny Day · age_up castle |
| 24:36 | Il Geno 2K · wall_segment Palisade Wall x2 |
| 24:38 | Il Geno 2K · wall_segment Palisade Wall x1 |
| 24:38 | Hetzer · first_building Stable |
| 24:54 | Hetzer · age_up castle |
| 24:58 | Il Geno 2K · wall_segment Palisade Wall x1 |
| 25:57 | Sunny Day · wall_segment Palisade Wall x2 |
| 26:47 | Terrano · age_up castle |
| 27:22 | Tuxtron935 · first_building Monastery |
| 27:36 | Tuxtron935 · wall_segment Palisade Wall x1 |
| 27:38 | Tuxtron935 · wall_segment Palisade Wall x2 |
| 28:00 | Tuxtron935 · wall_segment Palisade Wall x10 |
| 28:23 | Terrano · wall_segment Palisade Wall x1 |
| 28:58 | MLT | The King · first_building Monastery |
| 29:28 | Sunny Day · first_building Siege Workshop |
| 29:54 | Il Geno 2K · tribute_sent a jugador 1 |
| 29:54 | Il Geno 2K · tribute_sent a jugador 3 |
| 29:54 | Il Geno 2K · tribute_sent a jugador 4 |
| 29:54 | Il Geno 2K · tribute_sent a jugador 5 |
| 29:54 | Il Geno 2K · tribute_sent a jugador 6 |
| 30:26 | Il Geno 2K · first_market_buy 100 food |
| 31:00 | Tuxtron935 · first_building Siege Workshop |
| 31:30 | MLT | The King · age_up imperial |
| 32:20 | Terrano · first_market_buy 100 stone |
| 32:28 | Terrano · first_building Castle |
| 32:39 | Tuxtron935 · first_building Castle |
| 33:48 | Sunny Day · first_building Monastery |
| 34:38 | Hetzer · first_building Castle |
| 34:44 | Tuxtron935 · first_market_buy 100 food |
| 36:31 | MLT | The King · first_building Siege Workshop |
| 36:31 | Terrano · wall_segment Stone Wall x17 |
| 36:31 | Il Geno 2K · first_building Monastery |
| 36:39 | Terrano · wall_segment Stone Wall x14 |
| 36:50 | Tuxtron935 · wall_segment Palisade Wall x1 |
| 36:54 | Tuxtron935 · wall_segment Palisade Wall x1 |
| 37:05 | Sunny Day · age_up imperial |
| 37:39 | Sunny Day · first_building Castle |
| 38:10 | Tuxtron935 · age_up imperial |
| 38:49 | Hetzer · first_building Monastery |
| 39:04 | Terrano · wall_segment Stone Wall x12 |
| 39:51 | Terrano · wall_segment Stone Wall x9 |
| 40:57 | Il Geno 2K · age_up imperial |
| 41:53 | Terrano · age_up imperial |
| 42:14 | Il Geno 2K · first_market_sell 100 wood |
| 44:34 | Sunny Day · first_building Stable |
| 47:23 | Hetzer · age_up imperial |
| 47:37 | MLT | The King · first_building Castle |
| 48:24 | Il Geno 2K · first_building Castle |
| 50:01 | Terrano · wall_segment Stone Wall x12 |
| 53:13 | Terrano · first_building Stable |
| 54:50 | Hetzer · wall_segment Stone Wall x3 |
| 58:07 | Sunny Day · first_market_sell 100 food |
| 61:47 | Tuxtron935 · first_building Dock |
| 63:13 | Il Geno 2K · resign |
[ AI ANALYSIS · 1 CREDIT ]
What really happened in this match?
Wolo.gg analyzes every decision: build order, eco, micro, common mistakes by bracket. Personalized analysis on WhatsApp or Discord in 30 seconds.
Civ guide
Malay
Perfil
Jugador #3129065